AoeStats
← Schantiiniiii

MegaRandom

507355370Analyzed
4v4 RM · 13d ago on Sep 17, 2026· 22m 19s· 8 players
Game mode
Random Map
Map size
Large (8 player)
Population
200
Speed
Normal
Resources
Standard
Victory
Conquest
Starting age
Dark Age
Ending age
Imperial Age
RankedLock teamsTeams togetherTeam positionsShared explorationLock speedFull tech treeHidden civsTurbo modeCheats
Victory
Defeat
🇨🇱 Celts · Chile
1679
+13
🇨🇱 Teutons · Chile
1660
+14
🇨🇱 Maya · Chile
1638
+15
1605
+16
🇩🇪 Malay · Germany
1676
-16
🇨🇭 Bengalis · Switzerland
1648
-16
🇩🇪 Vietnamese · Germany
1571
-13
🇩🇪 Berbers · Germany
1563
-13
{ BP } Käpt`n Iglo
0:29 Loom
9:23 Feudal Age
13:19 Wheelbarrow
15:51 Padded Archer Armor
15:43 Fletching
15:45 Horse Collar
17:55 Padded Archer Armor
Schantiiniiii
0:31 Loom
7:48 Feudal Age
9:35 Double-Bit Axe
12:53 Forging
14:20 Scale Barding Armor
18:11 Bloodlines
20:55 Horse Collar
23:23 Castle Age
22:05 Bloodlines
DeadForGlory
0:31 Loom
8:30 Feudal Age
10:35 Double-Bit Axe
15:18 Horse Collar
18:22 Scale Barding Armor
18:27 Forging
18:23 Scale Barding Armor
18:28 Forging
Serxer
0:32 Loom
9:43 Feudal Age
10:34 Double-Bit Axe
14:13 Fletching
23:22 Castle Age
22:02 Padded Archer Armor
[CL] Guatona, Guatona qla fea
0:27 Loom
8:41 Feudal Age
10:38 Fletching
21:02 Padded Archer Armor
21:17 Double-Bit Axe
[CL] FARFANA
0:31 Loom
7:54 Feudal Age
8:28 Double-Bit Axe
8:46 Horse Collar
15:16 Scale Barding Armor
15:21 Forging
21:57 Castle Age
20:22 Gold Mining
21:28 Bloodlines
23:13 Chain Barding Armor
[CL] Sebag
0:30 Loom
8:49 Feudal Age
10:03 Double-Bit Axe
15:51 Forging
16:42 Scale Barding Armor
18:23 Wheelbarrow
21:32 Castle Age
19:25 Horse Collar
22:37 Chain Barding Armor
[CL] TheCobra
0:38 Loom
8:34 Feudal Age
9:32 Double-Bit Axe
12:49 Fletching
17:26 Padded Archer Armor
22:32 Castle Age
20:48 Horse Collar
20:59 Gold Mining
Connection lost

Rejoining the realm…

Still unreachable

The connection could not be restored.

Session expired

The server has moved on; the page needs a fresh start.